 Dungeon Crawl Stone Soup version 0.21.1-1-g345015f (webtiles) character file.

70 gerrrit the Digger (level 4, 0/33 HPs)
             Began as a Draconian Earth Elementalist on Apr 3, 2018.
             Slain by a gnoll
             ... wielding a +0 spear
              (6 damage)
             ... on level 3 of the Dungeon.
             The game lasted 00:12:54 (1896 turns).

gerrrit the Digger (Draconian Earth Elementalist)   Turns: 1896, Time: 00:12:54

Health: 0/33       AC:  5    Str: 10    XL:     4   Next: 3%
Magic:  0/8        EV: 12    Int: 17    God:
Gold:   118        SH:  0    Dex: 11    Spells: 4/8 levels left

rFire    . . .     SeeInvis .   e - +0 halberd
rCold    . . .     Gourm    .   (shield currently unavailable)
rNeg     . . .     Faith    .   (armour unavailable)
rPois    .         Spirit   .   (helmet restricted)
rElec    .         Reflect  .   (no cloak)
rCorr    .         Harm     .   (no gloves)
MR       .....                  (no boots)
Stlth    ++........             (no amulet)
HPRegen  0.11/turn              (no ring)
MPRegen  0.11/turn              (no ring)

@: no status effects
A: unfitting armour, cold-blooded, AC +5
a: no special abilities


You were on level 3 of the Dungeon.
You were not hungry.

You visited 1 branch of the dungeon, and saw 3 of its levels.

You collected 118 gold pieces.

Inventory:

Hand Weapons
 e - a +0 halberd (weapon)
Missiles
 b - 46 stones (quivered)
 l - 7 javelins of returning
 m - 37 sling bullets
Armour
 o - a +0 helmet
Jewellery
 h - a cursed -2 ring of dexterity
Scrolls
 g - a scroll of teleportation
 i - a scroll of remove curse
Potions
 n - a potion of brilliance
Books
 d - a book of Geomancy

   Spells                             Type                      Level
   a - Sandblast                      Earth                        1
   b - Passwall                       Transmutation/Earth          2
   c - Stone Arrow                    Conjuration/Earth            3
   d - Petrify                        Transmutation/Earth          4
   e - Lee's Rapid Deconstruction     Earth                        5
Comestibles
 c - 5 rations


   Skills:
 + Level 0.1 Fighting
 + Level 0.2 Polearms
 + Level 1.9 Dodging
 + Level 2.2 Stealth
 + Level 2.8 Spellcasting
   Level 1.0 Transmutations
 + Level 4.0 Earth Magic


You had 4 spell levels left.
You knew the following spells:

 Your Spells              Type           Power        Failure   Level  Hunger
a - Sandblast             Erth           ###...       3%          1    #......
b - Stone Arrow           Conj/Erth      #.....       24%         3    ###....


Dungeon Overview and Level Annotations

Branches:
Dungeon (3/15)

Altars:


Innate Abilities, Weirdness & Mutations

Your plain brown scales are hard. (AC +5)
You cannot fit into any form of body armour.
You are cold-blooded and may be slowed by cold attacks.


Message History

You struggle against the net.
The gnoll hits you with a club. The gnoll hits you but does no damage.
You struggle against the net.
The gnoll hits you with a club. The gnoll hits you but does no damage.
You rip the net and break free!
The gnoll hits you with a club.
The gnoll hits you from afar with a spear.
You barely miss the gnoll. The gnoll hits you with a club.
The gnoll hits you from afar with a spear.
The gnoll hits you with a club.
* * * LOW HITPOINT WARNING * * *
Casting: Sandblast
Confirm with . or Enter, or press ? or * to list all spells.
Aiming: Sandblast
Press: ? - help, Shift-Dir - straight line, f - gnoll
Aim: a gnoll, wielding a club The blast of sand hits the gnoll.
The gnoll is heavily wounded.
b - 46 stones The gnoll hits you from afar with a spear.
You die...

#..
###########$....
#.......@ggg(...
#.##############
#.# #.# #.# #.#
#.# #<# ###


You could see 3 gnolls.

Vanquished Creatures
  2 gnolls
  A worm (D:2)
  3 dart slugs
  5 giant cockroaches
  5 goblins
  7 hobgoblins
  4 jackals
  2 bats
  2 frilled lizards (D:2)
  5 kobolds
  A quokka skeleton (D:3)
  3 rats
40 creatures vanquished.

Notes
Turn   | Place    | Note
-------+----------+-------------------------------------------
     0 | D:1      | gerrrit the Draconian Earth Elementalist began the quest for the Orb.
     0 | D:1      | Reached XP level 1. HP: 14/14 MP: 3/3
    59 | D:1      | Reached XP level 2. HP: 20/20 MP: 1/5
   835 | D:1      | Reached XP level 3. HP: 26/26 MP: 3/6
  1145 | D:1      | Learned a level 3 spell: Stone Arrow
  1890 | D:3      | Reached skill level 4 in Earth Magic
  1890 | D:3      | Reached XP level 4. HP: 32/33 MP: 0/8
  1896 | D:3      | Slain by a gnoll

Skill      XL: |  1  2  3 |
---------------+----------+-----
Stealth        | 2 |  2.2
Earth Magic    | 4 |  4.0
Fighting       | |  0.1
Polearms       | |  0.2
Dodging        | |  1.9
Spellcasting   | |  2.8
Transmutations | |  1.0

Action                   |  1- 3 |  4- 6 || total
-------------------------+-------+-------++-------
Melee: Halberd           |    49 |     1 ||    50
       Tailslap          |     3 |       ||     3
 Cast: Sandblast         |    39 |     2 ||    41
       Stone Arrow       |     4 |       ||     4
  Use: Scroll            |    12 |       ||    12
       Potion            |     2 |       ||     2
  Eat: Chunk             |     4 |       ||     4
Armor: Skin              |    25 |     1 ||    26
Dodge: Dodged            |    36 |       ||    36
